TOP OF THE 1ST |
Jersey City Sun Caps batting - Pitching for Alloway Halberds : RHP Jim Unknown
|
Pitching: RHP Jim Unknown
|
|
Batting: RHB Bryan Wilson
|
0-0: Ball 1-0: Ball 2-0: Foul Ball, location: 2F 2-1: Ball 3-1: Ground out 6-3 (Groundball, 6)
|
Batting: RHB Jonah Moody
|
0-0: Called Strike 0-1: Fly out, F8 (Flyball, 8RM)
|
Batting: RHB Matt Brown
|
0-0: Foul Ball, location: 2F 0-1: Ball 1-1: Ball 2-1: Ground out 5-3 (Groundball, 56)
|
Top of the 1st over - 0 run(s), 0 hit(s), 0 error(s), 0 left on base; Jersey City 0 - Alloway 0 |
BOTTOM OF THE 1ST |
Alloway Halberds batting - Pitching for Jersey City Sun Caps : LHP Javier Tares
|
Pitching: LHP Javier Tares
|
|
Batting: RHB Dennis Clifton
|
0-0: Called Strike 0-1: Ball 1-1: Ball 2-1: Ball 3-1: Ground out 1-3 (Groundball, 13S)
|
Batting: RHB Orlando López
|
0-0: Ball 1-0: Ball 2-0: SINGLE (Line Drive, 89S)
|
Batting: RHB Dave Ash
|
0-0: Called Strike 0-1: Ball 1-1: Ball 2-1: Ball 3-1: Foul Ball, location: 2F 3-2: Base on Balls Orlando López to second
|
Batting: SHB Neil Ladner
|
0-0: Ball 1-0: Grounds into double play, 6-4-3 (Groundball, 6M)
|
Bottom of the 1st over - 0 run(s), 1 hit(s), 0 error(s), 1 left on base; Jersey City 0 - Alloway 0 |
TOP OF THE 2ND |
Jersey City Sun Caps batting - Pitching for Alloway Halberds : RHP Jim Unknown
|
Batting: RHB Eddy Baxter
|
0-0: Called Strike 0-1: Foul Ball, location: 2F 0-2: Strikes out looking
|
Batting: RHB Tony Quintana
|
0-0: Foul Ball, location: 2F 0-1: Called Strike 0-2: Ball 1-2: Ball 2-2: Ball 3-2: Foul Ball, location: 2F 3-2: Fly out, F3 (Popup, 3DF)
|
Batting: RHB Roy Williams
|
0-0: Swinging Strike 0-1: Ground out 1-3 (Groundball, 25)
|
Top of the 2nd over - 0 run(s), 0 hit(s), 0 error(s), 0 left on base; Jersey City 0 - Alloway 0 |
BOTTOM OF THE 2ND |
Alloway Halberds batting - Pitching for Jersey City Sun Caps : LHP Javier Tares
|
Batting: RHB Nam-sup Yi
|
0-0: Called Strike 0-1: Swinging Strike 0-2: Strikes out swinging
|
Batting: LHB Francisco Rivas
|
0-0: Called Strike 0-1: Ball 1-1: Foul Ball, location: 2F 1-2: Ball 2-2: Strikes out looking
|
Batting: RHB Tracy Larson
|
0-0: Ball 1-0: DOUBLE (Line Drive, 7LS)
|
Batting: RHB Jonathan Cundall
|
0-0: Called Strike 0-1: Ground out 6-3 (Groundball, 6)
|
Bottom of the 2nd over - 0 run(s), 1 hit(s), 0 error(s), 1 left on base; Jersey City 0 - Alloway 0 |
TOP OF THE 3RD |
Jersey City Sun Caps batting - Pitching for Alloway Halberds : RHP Jim Unknown
|
Batting: RHB Raúl Catuncan
|
0-0: Called Strike 0-1: Ball 1-1: Called Strike 1-2: Ball 2-2: Foul Ball, location: 2F 2-2: DOUBLE (Groundball, 5L)
|
Batting: LHB Harlan Price
|
0-0: Ball 1-0: Foul Ball, location: 2F 1-1: Ball 2-1: Called Strike 2-2: SINGLE (Flyball, 4MD) Raúl Catuncan to third
|
Batting: RHB Anrrique Bolo
|
0-0: Ball 1-0: Swinging Strike 1-1: Ball 2-1: Ball 3-1: Called Strike 3-2: SINGLE (Groundball, 56) Raúl Catuncan scores Harlan Price to second
|
Batting: RHB Bryan Wilson
|
0-0: Ball 1-0: Ball 2-0: Ball 3-0: Called Strike 3-1: Fly out, F9 (Line Drive, 89M)
|
Batting: RHB Jonah Moody
|
0-0: Called Strike 0-1: Grounds into double play, 6-4-3 (Groundball, 6M)
|
Top of the 3rd over - 1 run(s), 3 hit(s), 0 error(s), 1 left on base; Jersey City 1 - Alloway 0 |
BOTTOM OF THE 3RD |
Alloway Halberds batting - Pitching for Jersey City Sun Caps : LHP Javier Tares
|
Batting: RHB Juan Martínez
|
0-0: SINGLE (Groundball, 4MD)
|
Batting: RHB Dennis Clifton
|
0-0: Ball 1-0: Called Strike 1-1: Swinging Strike 1-2: Ball 2-2: Ball 3-2: Foul Ball, location: 2F 3-2: Grounds into double play, 5-4-3 (Groundball, 5)
|
Batting: RHB Orlando López
|
0-0: Ball 1-0: Ball 2-0: Ball 3-0: Base on Balls
|
Batting: RHB Dave Ash
|
0-0: Called Strike 0-1: Ball 1-1: Ball Orlando López steals 2nd base 2-1: Ball 3-1: Fly out, F4 (Popup, 4D)
|
Bottom of the 3rd over - 0 run(s), 1 hit(s), 0 error(s), 1 left on base; Jersey City 1 - Alloway 0 |
TOP OF THE 4TH |
Jersey City Sun Caps batting - Pitching for Alloway Halberds : RHP Jim Unknown
|
Batting: RHB Matt Brown
|
0-0: Ball 1-0: Called Strike 1-1: Ball 2-1: Ground out 5-3 (Groundball, 5)
|
Batting: RHB Eddy Baxter
|
0-0: Ball 1-0: Fly out, F4 (Popup, 8RS)
|
Batting: RHB Tony Quintana
|
0-0: Swinging Strike 0-1: Ball 1-1: Ball 2-1: Swinging Strike 2-2: Foul Ball, location: 2F 2-2: Foul Ball, location: 2F 2-2: Ball 3-2: Fly out, F7 (Flyball, 78S)
|
Top of the 4th over - 0 run(s), 0 hit(s), 0 error(s), 0 left on base; Jersey City 1 - Alloway 0 |
BOTTOM OF THE 4TH |
Alloway Halberds batting - Pitching for Jersey City Sun Caps : LHP Javier Tares
|
Batting: SHB Neil Ladner
|
0-0: Called Strike 0-1: Ground out 4-3 (Groundball, 4M)
|
Batting: RHB Nam-sup Yi
|
0-0: Swinging Strike 0-1: Fly out, F9 (Flyball, 9M)
|
Batting: LHB Francisco Rivas
|
0-0: Ball 1-0: SINGLE (Flyball, 8RS)
|
Batting: RHB Tracy Larson
|
0-0: Ball 1-0: Foul Ball, location: 2F 1-1: Ball 2-1: Ball 3-1: Foul Ball, location: 2F 3-2: Base on Balls Francisco Rivas to second
|
Batting: RHB Jonathan Cundall
|
0-0: Foul Ball, location: 2F 0-1: Ball 1-1: Foul Ball, location: 2F 1-2: Foul Ball, location: 2F 1-2: Ball 2-2: SINGLE (Groundball, 4MD) Francisco Rivas to third Tracy Larson to second Runner from 3rd tries for Home, SAFE, throw made home Tracy Larson to third Jonathan Cundall to second
|
Batting: RHB Juan Martínez
|
0-0: Called Strike 0-1: Ground out 4-3 (Groundball, 34)
|
Bottom of the 4th over - 1 run(s), 2 hit(s), 0 error(s), 2 left on base; Jersey City 1 - Alloway 1 |
TOP OF THE 5TH |
Jersey City Sun Caps batting - Pitching for Alloway Halberds : RHP Jim Unknown
|
Batting: RHB Roy Williams
|
0-0: Called Strike 0-1: Ball 1-1: Ground out 6-3 (Groundball, 6)
|
Batting: RHB Raúl Catuncan
|
0-0: Called Strike 0-1: Called Strike 0-2: Ball 1-2: Ball 2-2: Ground out 5-3 (Groundball, 5L)
|
Batting: LHB Harlan Price
|
0-0: Swinging Strike 0-1: Foul Ball, location: 2F 0-2: Strikes out swinging
|
Top of the 5th over - 0 run(s), 0 hit(s), 0 error(s), 0 left on base; Jersey City 1 - Alloway 1 |
BOTTOM OF THE 5TH |
Alloway Halberds batting - Pitching for Jersey City Sun Caps : LHP Javier Tares
|
Batting: RHB Dennis Clifton
|
0-0: Called Strike 0-1: Ball 1-1: Foul Ball, location: 2F 1-2: Ball 2-2: Ball 3-2: Fly out, F9 (Flyball, 89M)
|
Batting: RHB Orlando López
|
0-0: Foul Ball, location: 2F 0-1: Ball 1-1: Ground out 6-3 (Groundball, 6)
|
Batting: RHB Dave Ash
|
0-0: Called Strike 0-1: Ball 1-1: Foul Ball, location: 2F 1-2: Foul Ball, location: 2F 1-2: Foul Ball, location: 2F 1-2: Ball 2-2: Ball 3-2: SINGLE (Line Drive, 7S)
|
Batting: SHB Neil Ladner
|
0-0: Ball 1-0: Swinging Strike 1-1: Ball 2-1: Called Strike 2-2: Ground out 5-3 (Groundball, 5L)
|
Bottom of the 5th over - 0 run(s), 1 hit(s), 0 error(s), 1 left on base; Jersey City 1 - Alloway 1 |
TOP OF THE 6TH |
Jersey City Sun Caps batting - Pitching for Alloway Halberds : RHP Jim Unknown
|
Batting: RHB Anrrique Bolo
|
0-0: Ball Single, Error in OF, E7, batter to second base
|
Batting: RHB Bryan Wilson
|
0-0: Called Strike 0-1: Swinging Strike 0-2: Foul Ball, location: 2F 0-2: Ground out 5-3 (Groundball, 5)
|
Batting: RHB Jonah Moody
|
0-0: Foul Ball, location: 2F 0-1: Swinging Strike 0-2: Foul Ball, location: 2F 0-2: Strikes out swinging
|
Batting: RHB Matt Brown
|
0-0: Fly out, F8 (Flyball, 8RXD)
|
Top of the 6th over - 0 run(s), 1 hit(s), 1 error(s), 1 left on base; Jersey City 1 - Alloway 1 |
BOTTOM OF THE 6TH |
Alloway Halberds batting - Pitching for Jersey City Sun Caps : LHP Javier Tares
|
Batting: RHB Nam-sup Yi
|
0-0: Called Strike 0-1: Ball 1-1: Ball 2-1: Called Strike 2-2: Foul Ball, location: 2F 2-2: Strikes out swinging
|
Batting: LHB Francisco Rivas
|
0-0: DOUBLE (Flyball, 7LD)
|
Batting: RHB Tracy Larson
|
0-0: Ball 1-0: Ball 2-0: DOUBLE (Line Drive, 9LS) Francisco Rivas scores
|
Batting: RHB Jonathan Cundall
|
0-0: Ball 1-0: Foul Ball, location: 2F 1-1: Called Strike 1-2: Ball 2-2: Ground out 3-1 (Groundball, 34) Tracy Larson to third
|
Pitching: RHP Gilberto Soto
|
|
Batting: RHB Juan Martínez
|
0-0: Fly out, F9 (Flyball, 9S)
|
Bottom of the 6th over - 1 run(s), 2 hit(s), 0 error(s), 1 left on base; Jersey City 1 - Alloway 2 |
TOP OF THE 7TH |
Jersey City Sun Caps batting - Pitching for Alloway Halberds : RHP Jim Unknown
|
Batting: RHB Eddy Baxter
|
0-0: Ball 1-0: SINGLE (Line Drive, 89S)
|
Batting: RHB Tony Quintana
|
0-0: Called Strike 0-1: Ball 1-1: Foul Ball, location: 2F 1-2: Ball 2-2: Fly out, F9 (Flyball, 89M)
|
Batting: RHB Roy Williams
|
0-0: Called Strike 0-1: Ball 1-1: Ball Eddy Baxter is caught stealing 2nd base 2-1: Called Strike 2-2: Ball 3-2: Foul Ball, location: 2F 3-2: Ground out 4-3 (Groundball, 4)
|
Top of the 7th over - 0 run(s), 1 hit(s), 0 error(s), 0 left on base; Jersey City 1 - Alloway 2 |
BOTTOM OF THE 7TH |
Alloway Halberds batting - Pitching for Jersey City Sun Caps : RHP Gilberto Soto
|
Batting: RHB Dennis Clifton
|
0-0: Ball 1-0: SINGLE (Line Drive, 9S)
|
Batting: RHB Orlando López
|
0-0: Ball 1-0: Swinging Strike 1-1: Foul Ball, location: 2F 1-2: Strikes out swinging
|
Batting: RHB Dave Ash
|
0-0: Ball 1-0: Foul Ball, location: 2F 1-1: Ball 2-1: Fielders Choice at 2nd, 1-6 (Groundball, 13)
|
Pinch Hitting: LHB Luis Gutiérrez
|
0-0: Ball 1-0: Ball 2-0: Ball 3-0: Called Strike 3-1: Fly out, F8 (Line Drive, 8LM)
|
Bottom of the 7th over - 0 run(s), 1 hit(s), 0 error(s), 1 left on base; Jersey City 1 - Alloway 2 |
TOP OF THE 8TH |
Jersey City Sun Caps batting - Pitching for Alloway Halberds : RHP Jim Unknown
|
Now at 3B: Luis Gutiérrez
|
|
Batting: RHB Raúl Catuncan
|
0-0: SINGLE (Line Drive, 78M)
|
Batting: LHB Harlan Price
|
0-0: Ball 1-0: Sac Bunt - play at second, runner OUT! 2-6
|
Pinch Hitting: SHB Dominique Prost
|
0-0: Swinging Strike 0-1: Ball 1-1: Foul Ball, location: 2F 1-2: Strikes out swinging
|
Batting: RHB Bryan Wilson
|
0-0: Ball 1-0: Ball 2-0: Ball 3-0: Called Strike 3-1: Called Strike 3-2: Ground out 5-3 (Groundball, 56)
|
Top of the 8th over - 0 run(s), 1 hit(s), 0 error(s), 1 left on base; Jersey City 1 - Alloway 2 |
BOTTOM OF THE 8TH |
Alloway Halberds batting - Pitching for Jersey City Sun Caps : RHP Gilberto Soto
|
Now in CF: Harry Reynolds
|
|
Batting: RHB Nam-sup Yi
|
0-0: Swinging Strike 0-1: Called Strike 0-2: Ball 1-2: Foul Ball, location: 2F 1-2: Strikes out swinging
|
Batting: LHB Francisco Rivas
|
0-0: Ball 1-0: Foul Ball, location: 2F 1-1: Foul Ball, location: 2F 1-2: Ball 2-2: Foul Ball, location: 2F 2-2: Ball 3-2: Fly out, F7 (Flyball, 7M)
|
Batting: RHB Tracy Larson
|
0-0: Ball 1-0: Ball 2-0: Called Strike 2-1: Called Strike 2-2: SINGLE (Groundball, 56)
|
Batting: RHB Jonathan Cundall
|
0-0: Ball 1-0: Ball 2-0: Swinging Strike 2-1: Reached on error, E5 (Groundball, 56) Tracy Larson to second
|
Pitching: RHP Elio Maini
|
|
Batting: RHB Juan Martínez
|
0-0: Ball 1-0: Called Strike 1-1: Swinging Strike 1-2: Foul Ball, location: 2F 1-2: SINGLE (Flyball, 4D) Tracy Larson to third Jonathan Cundall to second Runner from 3rd tries for Home, SAFE, no throw or cutoff
|
Batting: RHB Dennis Clifton
|
0-0: Called Strike 0-1: Ball 1-1: SINGLE (Line Drive, 8LS) Jonathan Cundall to third Juan Martínez to second
|
Pinch Hitting: SHB Ron Peterson
|
0-0: Ball 1-0: Ground out 1-3 (Groundball, 13)
|
Bottom of the 8th over - 1 run(s), 3 hit(s), 1 error(s), 3 left on base; Jersey City 1 - Alloway 3 |
TOP OF THE 9TH |
Jersey City Sun Caps batting - Pitching for Alloway Halberds : RHP Jim Unknown
|
Pitching: LHP Jim Unknown
|
|
Now in CF: Ron Peterson
|
|
Batting: RHB Jonah Moody
|
0-0: Ball 1-0: Fly out, F8 (Flyball, 8RS)
|
Batting: RHB Matt Brown
|
0-0: Ball 1-0: Foul Ball, location: 2F 1-1: Called Strike 1-2: Fly out, F9 (Flyball, 89M)
|
Batting: RHB Eddy Baxter
|
0-0: Ball 1-0: Ball 2-0: Called Strike 2-1: DOUBLE (Line Drive, 89D)
|
Batting: RHB Tony Quintana
|
0-0: Ball 1-0: Called Strike 1-1: DOUBLE (Flyball, 78XD) Eddy Baxter scores
|
Batting: RHB Roy Williams
|
0-0: Ball 1-0: Ball 2-0: Foul Ball, location: 2F 2-1: Ball 3-1: Base on Balls
|
Batting: RHB Raúl Catuncan
|
0-0: Called Strike 0-1: Fielders Choice at 2nd, U6 (Groundball, 6M)
|
Top of the 9th over - 1 run(s), 2 hit(s), 0 error(s), 2 left on base; Jersey City 2 - Alloway 3 |
|